Workbook
Name Company_Name: FSM!$D$5
Name Company_Name: #REF!
Name Hist_Yr: FSM!#REF!
Name Hist_Yr: #REF!
Name IQ_CH: 110000
Name IQ_CQ: 5000
Name IQ_CY: 10000
Name IQ_DAILY: 500000
Name IQ_FH: 100000
Name IQ_FQ: 500
Name IQ_FY: 1000
Name IQ_LTM: 2000
Name IQ_MONTH: 15000
Name IQ_NTM: 6000
Name IQ_WEEK: 50000
Name IQ_YTD: 3000

Sheet FSM
C2: =Company_Name&" - Financial Statement Model" -> Commercial International Bank - Egypt - CIB S.A.E - Financial Statement Model
C3: All amounts are shown in EGP, except per-share data, ratios, and shares outstanding
C5: Company Name | D5: Commercial International Bank - Egypt - CIB S.A.E
C6: Ticker | D6: COMI.CA
C7: Latest Closing Share Price | D7: 140.07
C8: Latest Closing Share Price Date | D8: 46272
C9: Last Historical Year | D9: 46022
C10: Shares outstanding | D10: 3377936000
C12: INCOME STATEMENT
C13: Fiscal year | D13: =E13-1 -> 2020 | E13: =F13-1 -> 2021 | F13: =G13-1 -> 2022 | G13: =H13-1 -> 2023 | H13: =I13-1 -> 2024 | I13: =YEAR(D9) -> 2025 | J13: =I13+1 -> 2026 | K13: =J13+1 -> 2027 | L13: =K13+1 -> 2028 | M13: =L13+1 -> 2029 | N13: =M13+1 -> 2030
C14: Fiscal year end date | D14: =EOMONTH(E14,-12) -> 44196 | E14: =EOMONTH(F14,-12) -> 44561 | F14: =EOMONTH(G14,-12) -> 44926 | G14: =EOMONTH(H14,-12) -> 45291 | H14: =EOMONTH(I14,-12) -> 45657 | I14: =D9 -> 46022 | J14: =EOMONTH(I14,12) -> 46387 | K14: =EOMONTH(J14,12) -> 46752 | L14: =EOMONTH(K14,12) -> 47118 | M14: =EOMONTH(L14,12) -> 47483 | N14: =EOMONTH(M14,12) -> 47848
C16: Interest and similar income | D16: 42196235000 | E16: 45078169000 | F16: 55723701000 | G16: 104028379000 | H16: 182735474000 | I16: 211600177000 | J16: =J113 -> 228537480660 | K16: =K113 -> 2.3946331e+11 | L16: =L113 -> 2.468012e+11 | M16: =M113 -> 2.5845412e+11 | N16: =N113 -> 2.730526e+11
C17: Interest and similar expense | D17: -17023815000 | E17: -20112378000 | F17: -24718803000 | G17: -51098717000 | H17: -91671252000 | I17: -103900546000 | J17: =J132 -> -1.1227482e+11 | K17: =K132 -> -1.1878696e+11 | L17: =L132 -> -1.2291397e+11 | M17: =M132 -> -1.287061e+11 | N17: =N132 -> -1.3592992e+11
C18: Net Interest Income (NII) | D18: =SUM(D16:D17) -> 25172420000 | E18: =SUM(E16:E17) -> 24965791000 | F18: =SUM(F16:F17) -> 31004898000 | G18: =SUM(G16:G17) -> 52929662000 | H18: =SUM(H16:H17) -> 91064222000 | I18: =SUM(I16:I17) -> 107699631000 | J18: =SUM(J16:J17) -> 1.1626266e+11 | K18: =SUM(K16:K17) -> 1.2067636e+11 | ... N18: =SUM(N16:N17) -> 1.3712268e+11
C19: Fee and commission income | D19: 3059264000 | E19: 4045573000 | F19: 5555082000 | G19: 9049924000 | H19: 12813876000 | I19: 16036009000 | J19: =J295 -> 18907359250 | K19: =K295 -> 22004420741 | L19: =L295 -> 2.5036795e+10 | M19: =M295 -> 2.8089831e+10 | N19: =N295 -> 3.1247601e+10
C20: Fee and commission expense | D20: -983450000 | E20: -1655096000 | F20: -2476945000 | G20: -3611699000 | H20: -5728656000 | I20: -6816966000 | J20: =J298 -> -8.1120293e+09 | K20: =K298 -> -9.6531242e+09 | L20: =L298 -> -1.1486991e+10 | M20: =M298 -> -1.3669249e+10 | N20: =N298 -> -1.6266085e+10
C21: Net Fee & Commission Income | D21: =SUM(D19:D20) -> 2075814000 | E21: =SUM(E19:E20) -> 2390477000 | F21: =SUM(F19:F20) -> 3078137000 | G21: =SUM(G19:G20) -> 5438225000 | H21: =SUM(H19:H20) -> 7085220000 | I21: =SUM(I19:I20) -> 9219043000 | J21: =SUM(J19:J20) -> 1.079533e+10 | K21: =SUM(K19:K20) -> 1.2351297e+10 | ... N21: =SUM(N19:N20) -> 1.4981515e+10
C22: Dividend income | D22: 50175000 | E22: 59725000 | F22: 52411000 | G22: 234010000 | H22: 195047000 | I22: 216273000 | J22: =I22 -> 216273000 | K22: =J22 -> 216273000 | L22: =K22 -> 216273000 | M22: =L22 -> 216273000 | N22: =M22 -> 216273000
C23: Net trading income | D23: 406631000 | E23: 708297000 | F23: 2749657000 | G23: 3942939000 | H23: 20472067000 | I23: 1800665000 | J23: =J18*J47 -> 1.943833e+09 | K23: =K18*K47 -> 2.0176271e+09 | L23: =L18*L47 -> 2.0713106e+09 | M23: =M18*M47 -> 2.1692992e+09 | N23: =N18*N47 -> 2.2925985e+09
C24: Profits (Losses) on financial investments | D24: 922832000 | E24: 594863000 | F24: 1162195000 | G24: 221810000 | H24: 459337000 | I24: 775841000 | J24: =J18*J48 -> 8.375269e+08 | K24: =K18*K48 -> 8.6932205e+08 | L24: =L18*L48 -> 8.9245234e+08 | M24: =M18*M48 -> 9.3467204e+08 | N24: =N18*N48 -> 9.8779724e+08
C25: Administrative expenses | D25: -5625883000 | E25: -6182730000 | F25: -7371629000 | G25: -10076013000 | H25: -13895619000 | I25: -17561606000 | J25: =-J18*J49 -> -1.8957902e+10 | K25: =-K18*K49 -> -1.9677603e+10 | L25: =-L18*L49 -> -2.0201171e+10 | M25: =-M18*M49 -> -2.1156838e+10 | N25: =-N18*N49 -> -2.2359357e+10
C26: Other operating income (expenses) | D26: -2742996000 | E26: -1986692000 | F26: -5080138000 | G26: -6590740000 | H26: -23702991000 | I26: 604504000 | J26: =-J18*J50 -> -6.9757596e+09 | K26: =-K18*K50 -> -7.2405813e+09 | L26: =-L18*L50 -> -7.4332334e+09 | M26: =-M18*M50 -> -7.7848812e+09 | N26: =-N18*N50 -> -8.2273609e+09
C27: Goodwill amortization | D27: -27505000 | E27: -41257000 | F27: -41257000 | G27: -96268000 | H27: 0 | I27: 0 | J27: 0 | K27: =J27 -> 0 | L27: =K27 -> 0 | M27: =L27 -> 0 | N27: =M27 -> 0
C28: Intangible assets amortization | D28: -6911000 | E28: -10366000 | F28: -10366000 | G28: -24188000 | H28: 0 | I28: 0 | J28: 0 | K28: =J28 -> 0 | L28: =K28 -> 0 | M28: =L28 -> 0 | N28: =M28 -> 0
C29: Impairment release (charges) for credit losses | D29: -5018781000 | E29: -1679747000 | F29: -1584942000 | G29: -4270081000 | H29: -4523819000 | I29: 8817158000 | J29: =-J277 -> -4.6532142e+09 | K29: =-K277 -> -5.1496059e+09 | L29: =-L277 -> -5.6989512e+09 | M29: =-M277 -> -6.3068991e+09 | N29: =-N277 -> -6.9797011e+09
C30: Profits from subsidiaries acquisition | D30: 8086000 | E30: 0 | F30: 0 | G30: 0 | H30: 0 | I30: 0 | J30: 0 | K30: =J30 -> 0 | L30: =K30 -> 0 | M30: =L30 -> 0 | N30: =M30 -> 0
C31: Bank's share in profits (losses) of associates | D31: 22426000 | E31: 14996000 | F31: -17680000 | G31: -55983000 | H31: -17786000 | I31: 10512000 | J31: 0 | K31: 0 | L31: 0 | M31: 0 | N31: 0
C32: Profit Before Income Tax | D32: =D18+D21+SUM(D22:D31) -> 15236308000 | E32: =E18+E21+SUM(E22:E31) -> 18833357000 | F32: =F18+F21+SUM(F22:F31) -> 23941286000 | G32: =G18+G21+SUM(G22:G31) -> 41653373000 | H32: =H18+H21+SUM(H22:H31) -> 77135678000 | I32: =I18+I21+SUM(I22:I31) -> 111582021000 | J32: =J18+J21+SUM(J22:J31) -> 9.9468747e+10 | K32: =K18+K21+SUM(K22:K31) -> 1.0406308e+11 | ... N32: =N18+N21+SUM(N22:N31) -> 1.1803445e+11
C33: Income tax expense | D33: -5087418000 | E33: -5679734000 | F33: -6345103000 | G33: -13099948000 | H33: -23548933000 | I33: -29895128000 | J33: =J32*-J51 -> -2.5861874e+10 | K33: =K32*-K51 -> -2.7056402e+10 | L33: =L32*-L51 -> -2.7893764e+10 | M33: =M32*-M51 -> -2.9182459e+10 | N33: =N32*-N51 -> -3.0688956e+10
C34: Deferred tax assets (Liabilities) | D34: 87433000 | E34: 114135000 | F34: -1424033000 | G34: 1157542000 | H34: 1669987000 | I34: 571922000 | J34: 0 | K34: =J34 -> 0 | L34: =K34 -> 0 | M34: =L34 -> 0 | N34: =M34 -> 0
C35: Net Profit from Continued Operations | D35: =SUM(D32:D34) -> 10236323000 | E35: =SUM(E32:E34) -> 13267758000 | F35: =SUM(F32:F34) -> 16172150000 | G35: =SUM(G32:G34) -> 29710967000 | H35: =SUM(H32:H34) -> 55256732000 | I35: =SUM(I32:I34) -> 82258815000 | J35: =SUM(J32:J34) -> 7.3606873e+10 | K35: =SUM(K32:K34) -> 7.7006682e+10 | ... N35: =SUM(N32:N34) -> 8.734549e+10
C36: Discontinued operations | D36: 0 | E36: 0 | F36: 0 | G36: -42102000 | H36: 0 | I36: 0 | J36: 0 | K36: =J36 -> 0 | L36: =K36 -> 0 | M36: =L36 -> 0 | N36: =M36 -> 0
C37: Net Profit for the Year | D37: =SUM(D35:D36) -> 10236323000 | E37: =SUM(E35:E36) -> 13267758000 | F37: =SUM(F35:F36) -> 16172150000 | G37: =SUM(G35:G36) -> 29668865000 | H37: =SUM(H35:H36) -> 55256732000 | I37: =SUM(I35:I36) -> 82258815000 | J37: =SUM(J35:J36) -> 7.3606873e+10 | K37: =SUM(K35:K36) -> 7.7006682e+10 | ... N37: =SUM(N35:N36) -> 8.734549e+10
C38: Bank Shareholders | D38: =D37-D39 -> 10238157000 | E38: =E37-E39 -> 13272209000 | F38: =F37-F39 -> 16114388000 | G38: =G37-G39 -> 29634542000 | H38: =H37-H39 -> 55196394000 | I38: =I37-I39 -> 82238852000 | J38: =J37-J39 -> 7.3606873e+10 | K38: =K37-K39 -> 7.7006682e+10 | ... N38: =N37-N39 -> 8.734549e+10
C39: Non-Controlling Interest | D39: -1834000 | E39: -4451000 | F39: 57762000 | G39: 34323000 | H39: 60338000 | I39: 19963000 | J39: =J219 -> 0 | K39: =K219 -> 0 | L39: =L219 -> 0 | M39: =M219 -> 0 | N39: =N219 -> 0
C41: Total Operating Income | D41: =D18+D21+D22+D23+D24 -> 28627872000 | E41: =E18+E21+E22+E23+E24 -> 28719153000 | F41: =F18+F21+F22+F23+F24 -> 38047298000 | G41: =G18+G21+G22+G23+G24 -> 62766646000 | H41: =H18+H21+H22+H23+H24 -> 119275893000 | I41: =I18+I21+I22+I23+I24 -> 119711453000 | J41: =J18+J21+J22+J23+J24 -> 1.3005562e+11 | K41: =K18+K21+K22+K23+K24 -> 1.3613087e+11 | ... N41: =N18+N21+N22+N23+N24 -> 1.5560086e+11
C43: Growth Rates & Margins
C44: Net Interest Margin (NIM %) | D44: =D18/21578619000-1 -> 0.16654453 | E44: =E18/D18-1 -> -0.0082085473 | F44: =F18/E18-1 -> 0.24189528 | G44: =G18/F18-1 -> 0.70713872 | H44: =H18/G18-1 -> 0.72047617 | I44: =I18/H18-1 -> 0.18267777 | J44: =J18/I18-1 -> 0.079508429 | K44: =K18/J18-1 -> 0.037963141 | L44: =L18/K18-1 -> 0.02660727 | ... N44: =N18/M18-1 -> 0.056838329
C45: Net Fee & Commission Income % | E45: =E21/D21-1 -> 0.15158535 | F45: =F21/E21-1 -> 0.28766644 | G45: =G21/F21-1 -> 0.76672611 | H45: =H21/G21-1 -> 0.30285525 | I45: =I21/H21-1 -> 0.30116538 | J45: =J21/I21-1 -> 0.17098162 | K45: =K21/J21-1 -> 0.1441333 | L45: =L21/K21-1 -> 0.097034993 | ... N45: =N21/M21-1 -> 0.038898155
C46: Total Operating Income % | E46: =E41/D41-1 -> 0.003188536 | F46: =F41/E41-1 -> 0.32480571 | G46: =G41/F41-1 -> 0.64970049 | H46: =H41/G41-1 -> 0.90030694 | I46: =I41/H41-1 -> 0.0036517019 | J46: =J41/I41-1 -> 0.086409187 | K46: =K41/J41-1 -> 0.046712717 | L46: =L41/K41-1 -> 0.032954979 | ... N46: =N41/M41-1 -> 0.0550009
C47: Net trading income % | D47: =D23/D18 -> 0.01615383 | E47: =E23/E18 -> 0.028370701 | F47: =F23/F18 -> 0.088684601 | G47: =G23/G18 -> 0.074493939 | H47: =H23/H18 -> 0.22480911 | I47: =I23/I18 -> 0.016719324 | J47: =I47 -> 0.016719324 | K47: =J47 -> 0.016719324 | L47: =K47 -> 0.016719324 | M47: =L47 -> 0.016719324 | N47: =M47 -> 0.016719324
C48: Profits (Losses) on financial investments % | D48: =D24/D18 -> 0.03666044 | E48: =E24/E18 -> 0.023827124 | F48: =F24/F18 -> 0.037484239 | G48: =G24/G18 -> 0.0041906559 | H48: =H24/H18 -> 0.0050440995 | I48: =I24/I18 -> 0.007203748 | J48: =I48 -> 0.007203748 | K48: =J48 -> 0.007203748 | L48: =K48 -> 0.007203748 | M48: =L48 -> 0.007203748 | N48: =M48 -> 0.007203748
C49: Administrative expenses % | D49: =-D25/D18 -> 0.22349393 | E49: =-E25/E18 -> 0.24764807 | F49: =-F25/F18 -> 0.23775692 | G49: =-G25/G18 -> 0.19036609 | H49: =-H25/H18 -> 0.15259142 | I49: =-I25/I18 -> 0.16306097 | J49: =I49 -> 0.16306097 | K49: =J49 -> 0.16306097 | L49: =K49 -> 0.16306097 | M49: =L49 -> 0.16306097 | N49: =M49 -> 0.16306097
C50: Other operating income (expenses) % | D50: =-D26/D18 -> 0.10896831 | E50: =-E26/E18 -> 0.079576569 | F50: =-F26/F18 -> 0.16384953 | G50: =-G26/G18 -> 0.12451884 | H50: =-H26/H18 -> 0.26028873 | I50: =-I26/I18 -> -0.0056128697 | J50: 0.06 | K50: =J50 -> 0.06 | L50: =K50 -> 0.06 | M50: =L50 -> 0.06 | N50: =M50 -> 0.06
C51: Tax rate | D51: =-SUM(D33:D34)/D32 -> 0.3281625 | E51: =-SUM(E33:E34)/E32 -> 0.29551816 | F51: =-SUM(F33:F34)/F32 -> 0.32450788 | G51: =-SUM(G33:G34)/G32 -> 0.28670922 | H51: =-SUM(H33:H34)/H32 -> 0.28364236 | I51: =-SUM(I33:I34)/I32 -> 0.26279508 | J51: 0.26 | K51: =J51 -> 0.26 | L51: =K51 -> 0.26 | M51: =L51 -> 0.26 | N51: =M51 -> 0.26
C53: BALANCE SHEET
C54: Fiscal year | D54: =D$13 -> 2020 | E54: =E$13 -> 2021 | F54: =F$13 -> 2022 | G54: =G$13 -> 2023 | H54: =H$13 -> 2024 | I54: =I$13 -> 2025 | J54: =J$13 -> 2026 | K54: =K$13 -> 2027 | ... N54: =N$13 -> 2030
C55: Fiscal year end date | D55: =D$14 -> 44196 | E55: =E$14 -> 44561 | F55: =F$14 -> 44926 | G55: =G$14 -> 45291 | H55: =H$14 -> 45657 | I55: =I$14 -> 46022 | J55: =J$14 -> 46387 | K55: =K$14 -> 46752 | ... N55: =N$14 -> 47848
C56: Assets
C58: Cash and balances at central bank | D58: 33768549000 | E58: 43492248000 | F58: 47492549000 | G58: 71887821000 | H58: 136531020000 | I58: 88876452000 | J58: =J334 -> 1.3165239e+11 | K58: =K334 -> 1.4807983e+11 | L58: =L334 -> 1.6423248e+11 | M58: =M334 -> 1.8081105e+11 | N58: =N334 -> 1.9768511e+11
C59: Due from banks | D59: 87426301000 | E59: 80141769000 | F59: 133856720000 | G59: 231085244000 | H59: 270829834000 | I59: 135236549000 | J59: =J342 -> 1.5474981e+11 | K59: =K342 -> 1.7405932e+11 | L59: =L342 -> 1.9304582e+11 | M59: =M342 -> 2.1253298e+11 | N59: =N342 -> 2.3236747e+11
C60: Loans and advances to banks, net | D60: 776980000 | E60: 312216000 | F60: 2978197000 | G60: 822448000 | H60: 9555410000 | I60: 34440770000 | J60: =J350 -> 9.5811194e+09 | K60: =K350 -> 1.096807e+10 | L60: =L350 -> 1.2382557e+10 | M60: =M350 -> 1.3762241e+10 | N60: =N350 -> 1.5157614e+10
C61: Loans and advances to customers, net | D61: 119570005000 | E61: 145575243000 | F61: 193599872000 | G61: 234985936000 | H61: 343542674000 | I61: 507953766000 | J61: =J264 -> 5.898463e+11 | K61: =K264 -> 6.7515465e+11 | L61: =L264 -> 7.6003038e+11 | M61: =M264 -> 8.4497612e+11 | N61: =N264 -> 9.2987261e+11
C62: Derivative financial instruments | D62: 248759000 | E62: 225376000 | F62: 1939961000 | G62: 1105148000 | H62: 819711000 | I62: 620349000 | J62: =I62 -> 620349000 | K62: =J62 -> 620349000 | L62: =K62 -> 620349000 | M62: =L62 -> 620349000 | N62: =M62 -> 620349000
C63: Financial Assets at FVTPL | D63: 359959000 | E63: 240987000 | F63: 0 | G63: 0 | H63: 0 | I63: 0 | J63: =I63 -> 0 | K63: =J63 -> 0 | L63: =K63 -> 0 | M63: =L63 -> 0 | N63: =M63 -> 0
C64: Financial Assets at FVOCI | D64: 148118372000 | E64: 193198894000 | F64: 204020733000 | G64: 233125234000 | H64: 234512167000 | I64: 376397929000 | J64: =J173 -> 429093639060 | K64: =K173 -> 4.8058488e+11 | L64: =L173 -> 5.2864336e+11 | M64: =M173 -> 5.815077e+11 | N64: =N173 -> 6.3384339e+11
C65: Financial Assets at Amortized Cost | D65: 25285225000 | E65: 20547465000 | F65: 34524760000 | G65: 38341019000 | H65: 168118219000 | I65: 236672175000 | J65: =J187 -> 2.7206828e+11 | K65: =K187 -> 3.0222714e+11 | L65: =L187 -> 3.3168905e+11 | M65: =M187 -> 3.5804815e+11 | N65: =N187 -> 3.8528681e+11
C66: Investments in associates | D66: 139871000 | E66: 205315000 | F66: 186062000 | G66: 115979000 | H66: 98193000 | I66: 45210000 | J66: =I66 -> 45210000 | K66: =J66 -> 45210000 | L66: =K66 -> 45210000 | M66: =L66 -> 45210000 | N66: =M66 -> 45210000
C67: Non-current assets held for sale | D67: 0 | E67: 0 | F67: 0 | G67: 161000 | H67: 0 | I67: 182827000 | J67: =I67 -> 182827000 | K67: =J67 -> 182827000 | L67: =K67 -> 182827000 | M67: =L67 -> 182827000 | N67: =M67 -> 182827000
C68: Other assets | D68: 9175525000 | E68: 11207128000 | F68: 14521427000 | G68: 18972786000 | H68: 44282773000 | I68: 54040912000 | J68: =J358 -> 54040912000 | K68: =K358 -> 6.1863807e+10 | L68: =L358 -> 6.9842016e+10 | M68: =M358 -> 7.7623922e+10 | N68: =N358 -> 8.5494321e+10
C69: Goodwill | D69: 178782000 | E69: 137525000 | F69: 96268000 | G69: 0 | H69: 0 | I69: 0 | J69: =I69 -> 0 | K69: =J69 -> 0 | L69: =K69 -> 0 | M69: =L69 -> 0 | N69: =M69 -> 0
C70: Intangible assets | D70: 44920000 | E70: 34554000 | F70: 24188000 | G70: 0 | H70: 0 | I70: 0 | J70: =I70 -> 0 | K70: =J70 -> 0 | L70: =K70 -> 0 | M70: =L70 -> 0 | N70: =M70 -> 0
C71: Deferred tax assets | D71: 437772000 | E71: 456002000 | F71: 185746000 | G71: 1685231000 | H71: 2685331000 | I71: 2545499000 | J71: =I71 -> 2545499000 | K71: =J71 -> 2545499000 | L71: =K71 -> 2545499000 | M71: =L71 -> 2545499000 | N71: =M71 -> 2545499000
C72: Property and equipment | D72: 2311147000 | E72: 2461116000 | F72: 2405434000 | G72: 2739092000 | H72: 3997929000 | I72: 5481682000 | J72: =J199 -> 6.881442e+09 | K72: =K199 -> 7.9355939e+09 | L72: =L199 -> 8.727163e+09 | M72: =M199 -> 9.4123189e+09 | N72: =N199 -> 1.0061436e+10
C73: Total Assets | D73: =SUM(D58:D72) -> 427842167000 | E73: =SUM(E58:E72) -> 498235838000 | F73: =SUM(F58:F72) -> 635831917000 | G73: =SUM(G58:G72) -> 834866099000 | H73: =SUM(H58:H72) -> 1214973261000 | I73: =SUM(I58:I72) -> 1442494120000 | J73: =SUM(J58:J72) -> 1.6513078e+12 | K73: =SUM(K58:K72) -> 1.8642672e+12 | ... N73: =SUM(N58:N72) -> 2.4931627e+12
C75: Liabilities and Equity
C77: Liabilities
C78: Due to banks | D78: 8817535000 | E78: 866056000 | F78: 3496698000 | G78: 12458003000 | H78: 2034885000 | I78: 3353746000 | J78: =I78 -> 3353746000 | K78: =J78 -> 3353746000 | L78: =K78 -> 3353746000 | M78: =L78 -> 3353746000 | N78: =M78 -> 3353746000
C79: Due to customers (Deposits) | D79: 341169450000 | E79: 407241538000 | F79: 531616550000 | G79: 677237479000 | H79: 972595958000 | I79: 1110395693000 | J79: =J151 -> 1270614484180 | K79: =K151 -> 1.4291604e+12 | L79: =L151 -> 1.5850541e+12 | M79: =M151 -> 1.7450586e+12 | N79: =N151 -> 1.907915e+12
C80: Non-current liabilities held for sale | D80: 0 | E80: 0 | F80: 0 | G80: 873000 | H80: 1397000 | I80: 53860000 | J80: =I80 -> 53860000 | K80: =J80 -> 53860000 | L80: =K80 -> 53860000 | M80: =L80 -> 53860000 | N80: =M80 -> 53860000
C81: Derivative financial instruments | D81: 331073000 | E81: 265470000 | F81: 219752000 | G81: 140934000 | H81: 100571000 | I81: 137802000 | J81: =I81 -> 137802000 | K81: =J81 -> 137802000 | L81: =K81 -> 137802000 | M81: =L81 -> 137802000 | N81: =M81 -> 137802000
C82: Current income tax liabilities | D82: 859582000 | E82: 2234985000 | F82: 3051583000 | G82: 9395534000 | H82: 18327968000 | I82: 20570313000 | J82: =$I82/$I$33*J$33 -> 1.7795102e+10 | K82: =$I82/$I$33*K$33 -> 1.8617035e+10 | L82: =$I82/$I$33*L$33 -> 1.919321e+10 | M82: =$I82/$I$33*M$33 -> 2.0079938e+10 | N82: =$I82/$I$33*N$33 -> 2.1116532e+10
C83: Other liabilities | D83: 5735269000 | E83: 8085545000 | F83: 11606912000 | G83: 18339465000 | H83: 21441169000 | I83: 25595390000 | J83: =J366 -> 25595390000 | K83: =K366 -> 2.9300547e+10 | L83: =L366 -> 3.3079265e+10 | M83: =M366 -> 3.6765008e+10 | N83: =N366 -> 4.0492664e+10
C84: Issued debt instruments | D84: 0 | E84: 1557263000 | F84: 2456607000 | G84: 3073349000 | H84: 5067781000 | I84: 4761558000 | J84: =I84 -> 4761558000 | K84: =J84 -> 4761558000 | L84: =K84 -> 4761558000 | M84: =L84 -> 4761558000 | N84: =M84 -> 4761558000
C85: Other loans | D85: 7746946000 | E85: 5140782000 | F85: 7978975000 | G85: 12483907000 | H85: 23962389000 | I85: 30471499000 | J85: =J382 -> 31496132530 | K85: =K382 -> 3.2562068e+10 | L85: =L382 -> 3.3671015e+10 | M85: =M382 -> 3.4824758e+10 | N85: =N382 -> 3.6025155e+10
C86: Other provisions | D86: 3223501000 | E86: 3541462000 | F86: 7066672000 | G86: 11095089000 | H86: 18621822000 | I86: 15640041000 | J86: =I86 -> 15640041000 | K86: =J86 -> 15640041000 | L86: =K86 -> 15640041000 | M86: =L86 -> 15640041000 | N86: =M86 -> 15640041000
C87: Total Liabilities | D87: =SUM(D78:D86) -> 367883356000 | E87: =SUM(E78:E86) -> 428933101000 | F87: =SUM(F78:F86) -> 567493749000 | G87: =SUM(G78:G86) -> 744224633000 | H87: =SUM(H78:H86) -> 1062153940000 | I87: =SUM(I78:I86) -> 1210979902000 | J87: =SUM(J78:J86) -> 1.3694481e+12 | K87: =SUM(K78:K86) -> 1.533587e+12 | ... N87: =SUM(N78:N86) -> 2.0294963e+12
C89: Equity
C90: Issued and paid up capital | D90: 14776813000 | E90: 19702418000 | F90: 29825134000 | G90: 30195010000 | H90: 30431580000 | I90: 33779361000 | J90: =I90 -> 33779361000 | K90: =J90 -> 33779361000 | L90: =K90 -> 33779361000 | M90: =L90 -> 33779361000 | N90: =M90 -> 33779361000
C91: Reserves | D91: 33094580000 | E91: 33774990000 | F91: 19643327000 | G91: 28807042000 | H91: 63544579000 | I91: 105849176000 | J91: =I91 -> 105849176000 | K91: =J91 -> 105849176000 | L91: =K91 -> 105849176000 | M91: =L91 -> 105849176000 | N91: =M91 -> 105849176000
C92: Reserve for ESOP | D92: 1064648000 | E92: 1674392000 | F92: 1895435000 | G92: 1486010000 | H92: 1868235000 | I92: 2343532000 | J92: =I92 -> 2343532000 | K92: =J92 -> 2343532000 | L92: =K92 -> 2343532000 | M92: =L92 -> 2343532000 | N92: =M92 -> 2343532000
C93: Retained earnings (incl. net profit) | D93: 10539715000 | E93: 13696402000 | F93: 16393841000 | G93: 29993331000 | H93: 56791883000 | I93: 89514273000 | J93: =J215 -> 1.3985971e+11 | K93: =K215 -> 1.8868021e+11 | L93: =L215 -> 2.3504215e+11 | M93: =M215 -> 2.7939312e+11 | N93: =N215 -> 3.2166637e+11
C94: Total Shareholders' Equity | D94: =SUM(D90:D93) -> 59475756000 | E94: =SUM(E90:E93) -> 68848202000 | F94: =SUM(F90:F93) -> 67757737000 | G94: =SUM(G90:G93) -> 90481393000 | H94: =SUM(H90:H93) -> 152636277000 | I94: =SUM(I90:I93) -> 231486342000 | J94: =SUM(J90:J93) -> 2.8183178e+11 | K94: =SUM(K90:K93) -> 3.3065228e+11 | ... N94: =SUM(N90:N93) -> 4.6363844e+11
C95: Non-Controlling Interest (NCI) | D95: 483055000 | E95: 454535000 | F95: 580431000 | G95: 160073000 | H95: 183044000 | I95: 27876000 | J95: =J221 -> 27876000 | K95: =K221 -> 27876000 | L95: =L221 -> 27876000 | M95: =M221 -> 27876000 | N95: =N221 -> 27876000
C96: Total Equity & NCI | D96: =SUM(D94:D95) -> 59958811000 | E96: =SUM(E94:E95) -> 69302737000 | F96: =SUM(F94:F95) -> 68338168000 | G96: =SUM(G94:G95) -> 90641466000 | H96: =SUM(H94:H95) -> 152819321000 | I96: =SUM(I94:I95) -> 231514218000 | J96: =SUM(J94:J95) -> 2.8185966e+11 | K96: =SUM(K94:K95) -> 3.3068016e+11 | ... N96: =SUM(N94:N95) -> 4.6366631e+11
C98: Total Liabilites & Equity | D98: =D87+D96 -> 427842167000 | E98: =E87+E96 -> 498235838000 | F98: =F87+F96 -> 635831917000 | G98: =G87+G96 -> 834866099000 | H98: =H87+H96 -> 1214973261000 | I98: =I87+I96 -> 1442494120000 | J98: =J87+J96 -> 1.6513078e+12 | K98: =K87+K96 -> 1.8642672e+12 | ... N98: =N87+N96 -> 2.4931627e+12
C100: Balance Check | D100: =D73-D98 -> 0 | E100: =E73-E98 -> 0 | F100: =F73-F98 -> 0 | G100: =G73-G98 -> 0 | H100: =H73-H98 -> 0 | I100: =I73-I98 -> 0 | J100: =J73-J98 -> 0 | K100: =K73-K98 -> 0 | ... N100: =N73-N98 -> 0
C102: Interest-earning assets and interest income
C103: Fiscal year | D103: =D$13 -> 2020 | E103: =E$13 -> 2021 | F103: =F$13 -> 2022 | G103: =G$13 -> 2023 | H103: =H$13 -> 2024 | I103: =I$13 -> 2025 | J103: =J$13 -> 2026 | K103: =K$13 -> 2027 | ... N103: =N$13 -> 2030
C104: Fiscal year end date | D104: =D$14 -> 44196 | E104: =E$14 -> 44561 | F104: =F$14 -> 44926 | G104: =G$14 -> 45291 | H104: =H$14 -> 45657 | I104: =I$14 -> 46022 | J104: =J$14 -> 46387 | K104: =K$14 -> 46752 | ... N104: =N$14 -> 47848
C106: Interest and Similar Income:
C107: Banks | D107: 2204633000 | E107: 5231766000 | F107: 5345778000 | G107: 30018930000 | H107: 47716067000 | I107: 20066633000 | J107: =I107*(1+J115) -> 18059969700 | K107: =J107*(1+K115) -> 16253972730 | L107: =K107*(1+L115) -> 1.5441274e+10 | M107: =L107*(1+M115) -> 1.5441274e+10 | N107: =M107*(1+N115) -> 1.5441274e+10
C108: Clients | D108: 12696383000 | E108: 13173306000 | F108: 19936711000 | G108: 36650367000 | H108: 63529846000 | I108: 94424365000 | J108: =I108*(1+J116) -> 1.0575529e+11 | K108: =J108*(1+K116) -> 1.1421571e+11 | L108: =K108*(1+L116) -> 1.199265e+11 | M108: =L108*(1+M116) -> 1.2712209e+11 | N108: =M108*(1+N116) -> 1.3602063e+11
C109: Subtotal (Banks & Clients) | D109: =SUM(D107:D108) -> 14901016000 | E109: =SUM(E107:E108) -> 18405072000 | F109: =SUM(F107:F108) -> 25282489000 | G109: =SUM(G107:G108) -> 66669297000 | H109: =SUM(H107:H108) -> 111245913000 | I109: =SUM(I107:I108) -> 114490998000 | J109: =SUM(J107:J108) -> 1.2381526e+11 | K109: =SUM(K107:K108) -> 1.3046968e+11 | ... N109: =SUM(N107:N108) -> 1.5146191e+11
C110: Treasury bills, bonds and other governmental notes | D110: 26597741000 | E110: 25679847000 | F110: 28823013000 | G110: 32950513000 | H110: 63980900000 | I110: 89324621000 | J110: =I110*(1+J117) -> 96470590680 | K110: =J110*(1+K117) -> 1.0032941e+11 | L110: =K110*(1+L117) -> 1.02336e+11 | M110: =L110*(1+M117) -> 1.0642944e+11 | N110: =M110*(1+N117) -> 1.1175091e+11
C111: Repos (Reverse Repurchase Agreements) | D111: 4067000 | E111: 16413000 | F111: 0 | G111: 0 | H111: 0 | I111: 0 | J111: =I111*(1+J118) -> 0 | K111: =J111*(1+K118) -> 0 | L111: =K111*(1+L118) -> 0 | M111: =L111*(1+M118) -> 0 | N111: =M111*(1+N118) -> 0
C112: Debt instruments at fair value through OCI and AC | D112: 693411000 | E112: 976837000 | F112: 1618199000 | G112: 4408569000 | H112: 7508661000 | I112: 7784558000 | J112: =I112*(1+J119) -> 8251631480 | K112: =J112*(1+K119) -> 8664213054 | L112: =K112*(1+L119) -> 9.0974237e+09 | M112: =L112*(1+M119) -> 9.4613207e+09 | N112: =M112*(1+N119) -> 9.8397735e+09
C113: Total Interest and Similar Income | D113: =SUM(D109:D112) -> 42196235000 | E113: =SUM(E109:E112) -> 45078169000 | F113: =SUM(F109:F112) -> 55723701000 | G113: =SUM(G109:G112) -> 104028379000 | H113: =SUM(H109:H112) -> 182735474000 | I113: =SUM(I109:I112) -> 211600177000 | J113: =SUM(J109:J112) -> 228537480660 | K113: =SUM(K109:K112) -> 2.3946331e+11 | ... N113: =SUM(N109:N112) -> 2.730526e+11
C115: Banks % | E115: =IFERROR(E107/D107-1,"N/A") -> 1.373078 | F115: =IFERROR(F107/E107-1,"N/A") -> 0.021792259 | G115: =IFERROR(G107/F107-1,"N/A") -> 4.6154464 | H115: =IFERROR(H107/G107-1,"N/A") -> 0.58953257 | I115: =IFERROR(I107/H107-1,"N/A") -> -0.57945752 | J115: -0.1 | K115: -0.1 | L115: -0.05 | M115: 0 | N115: 0
C116: Clients % | E116: =IFERROR(E108/D108-1,"N/A") -> 0.03756369 | F116: =IFERROR(F108/E108-1,"N/A") -> 0.51341744 | G116: =IFERROR(G108/F108-1,"N/A") -> 0.83833567 | H116: =IFERROR(H108/G108-1,"N/A") -> 0.73340272 | I116: =IFERROR(I108/H108-1,"N/A") -> 0.48629929 | J116: 0.12 | K116: 0.08 | L116: 0.05 | M116: 0.06 | N116: 0.07
...

Sheet Residual Income
B2: Residual Income
B3: =FSM!C3 -> All amounts are shown in EGP, except per-share data, ratios, and shares outstanding
B4: Most recent fiscal year end | D4: 46022 | F4: Cost of equity (Ke​) | H4: =+'Cost of equity (Ke​)'!C10 -> 0.1509324 | I4: Link from Cost of equity (Ke​)
B5: End of first fiscal year | D5: =EOMONTH(D4,12) -> 46387 | F5: Share price (Public Co) | H5: =FSM!D7 -> 140.07
B6: Most recent quarter end date | D6: 46022 | F6: Share price date | H6: 46212
B7: Valuation date | D7: 46272 | F7: Implied Share Price | H7: =C47 -> 153.8076
B8: Portion of First Year Cash Flows | D8: =YEARFRAC(D7,D5) -> 0.31666667 | F8: Upside / (Downside) | H8: =H7/H5-1 -> 0.098076659 | I8: {=_xlfn.IFS(H8>15%,"BUY",H8>=0,"HOLD",H8<0,"SELL")} -> HOLD
F9: Midyear adjustment? | H9: 1
B10: Book Value Roll-Forward
C11: LTM | D11: Actual | E11: Forecasts
B12: Fiscal year ended | C12: =D7 -> 46272 | D12: =D4 -> 46022 | E12: =EOMONTH(D12,12) -> 46387 | F12: =EOMONTH(E12,12) -> 46752 | G12: =EOMONTH(F12,12) -> 47118 | H12: =EOMONTH(G12,12) -> 47483 | I12: =EOMONTH(H12,12) -> 47848
B14: Opening book value of equity | C14: =E14*(1-$D$8)+D14*$D$8 -> 2.6591694e+11 | D14: =FSM!I96 -> 231514218000 | E14: =FSM!J96 -> 2.8185966e+11 | F14: =FSM!K96 -> 3.3068016e+11 | G14: =FSM!L96 -> 3.7704209e+11 | H14: =FSM!M96 -> 4.2139307e+11 | I14: =FSM!N96 -> 4.6366631e+11
B16: Net income | C16: =E16*(1-$D$8)+D16*$D$8 -> 7.6346654e+10 | D16: =FSM!I37 -> 82258815000 | E16: =FSM!J37 -> 7.3606873e+10 | F16: =FSM!K37 -> 7.7006682e+10 | G16: =FSM!L37 -> 7.9389945e+10 | H16: =FSM!M37 -> 8.3057768e+10 | I16: =FSM!N37 -> 8.734549e+10
B17: % growth | E17: =E16/D16-1 -> -0.10517952 | F17: =F16/E16-1 -> 0.046188745 | G17: =G16/F16-1 -> 0.030948779 | H17: =H16/G16-1 -> 0.046200106 | I17: =I16/H16-1 -> 0.051623365
B19: ROE = net income ÷ opening book value | D19: =D16/D14 -> 0.35530783 | E19: =E16/E14 -> 0.26114724 | F19: =F16/F14 -> 0.23287361 | G19: =G16/G14 -> 0.2105599 | H19: =H16/H14 -> 0.19710284 | I19: =I16/I14 -> 0.18838006
B21: Cost of equity (Ke​) | D21: =$H$4 -> 0.1509324 | E21: =$H$4 -> 0.1509324 | F21: =$H$4 -> 0.1509324 | G21: =$H$4 -> 0.1509324 | H21: =$H$4 -> 0.1509324 | I21: =$H$4 -> 0.1509324
B23: ROE - Ke (value is created only when this is positive) | D23: =D19-D21 -> 0.20437543 | E23: =E19-E21 -> 0.11021484 | F23: =F19-F21 -> 0.08194121 | G23: =G19-G21 -> 0.059627498 | H23: =H19-H21 -> 0.046170436 | I23: =I19-I21 -> 0.037447664
B25: Equity charge = Ke(t) × opening book value | D25: =D21*D14 -> 3.4942997e+10 | E25: =E21*E14 -> 4.2541755e+10 | F25: =F21*F14 -> 4.991035e+10 | G25: =G21*G14 -> 5.6907868e+10 | H25: =H21*H14 -> 6.3601867e+10 | I25: =I21*I14 -> 6.998227e+10
B27: Residual income = Net income - Equity charge | E27: =E16-E25 -> 3.1065118e+10 | F27: =F16-F25 -> 2.7096332e+10 | G27: =G16-G25 -> 2.2482077e+10 | H27: =H16-H25 -> 1.9455901e+10 | I27: =I16-I25 -> 1.736322e+10
B29: ="Residual Income on "&TEXT(D7,"mmm dd, yyyy")&" valuation date" -> Residual Income on Sep 07, 2026 valuation date
D30: Val date | E30: Yr 1 - Stub | F30: Year 2 | G30: Year 3 | H30: Year 4 | I30: Year 5
B31: Date for discounting cash flows | D31: =D7 -> 46272 | E31: =IF($H$9=1,AVERAGE(E12,D31),E12) -> 46329.5 | F31: =IF($H$9=1,AVERAGE(F12,E12),F12) -> 46569.5 | G31: =IF($H$9=1,AVERAGE(G12,F12),G12) -> 46935 | H31: =IF($H$9=1,AVERAGE(H12,G12),H12) -> 47300.5 | I31: =IF($H$9=1,AVERAGE(I12,H12),I12) -> 47665.5
B32: Residual Income (Stub-Adjusted) | C32: =D8 -> 0.31666667 | E32: =E27*C32 -> 9.8372874e+09 | F32: =F27 -> 2.7096332e+10 | G32: =G27 -> 2.2482077e+10 | H32: =H27 -> 1.9455901e+10 | I32: =I27 -> 1.736322e+10
B33: Present Value of Residual Income | E33: =E32/(1+$H$4)^((E31-$D$31)/365) -> 9.6218354e+09 | F33: =F32/(1+$H$4)^((F31-$D$31)/365) -> 2.4162993e+10 | G33: =G32/(1+$H$4)^((G31-$D$31)/365) -> 1.7415791e+10 | H33: =H32/(1+$H$4)^((H31-$D$31)/365) -> 1.3092563e+10 | I33: =I32/(1+$H$4)^((I31-$D$31)/365) -> 1.0152051e+10
B35: Terminal value - growth in perpetuity approach
B36: Long term growth rate | C36: 0.1
B37: Terminal year residual income x (1+g) | C37: =I32*(1+C36) -> 1.9099542e+10
B38: ="Terminal value in "&YEAR(I12) -> Terminal value in 2030 | C38: =C37/(H4-C36) -> 3.7499789e+11
B39: Present value of terminal value | C39: =C38/(1+$H$4)^((I31-$D$31)/365) -> 2.1925643e+11
B40: Present value of stage 1 residual income | C40: =SUM(E33:I33) -> 7.4445233e+10
B41: Equity value | C41: =FSM!I96+C39+C40 -> 5.2521588e+11
B43: Valuation | E43: Shares outstanding
B45: Equity value | C45: =C41 -> 5.2521588e+11 | G45: Source doc | H45: Date | I45: Shares
B46: Shares outstanding | C46: =I51 -> 3414759000 | E46: Basic shares | G46: Consolidated FS 2025 | H46: 12/31/2025 | I46: 3377936000
B47: Equity value per share | C47: =C45/C46 -> 153.8076 | E47: Restricted stock / RSUs | I47: 36823000
E48: Options / warrants
E49: Convertible debt
E50: Convertible preferred stock
E51: Net diluted shares outstanding | I51: =SUM(I46:I50) -> 3414759000

Sheet DDM
B2: Discounted Dividends Model Valuation
B3: =FSM!C3 -> All amounts are shown in EGP, except per-share data, ratios, and shares outstanding
B4: Most recent fiscal year end | D4: 46022 | F4: Cost of equity (Ke​) | H4: =+'Cost of equity (Ke​)'!C10 -> 0.1509324 | I4: Link from Cost of equity (Ke​)
B5: End of first fiscal year | D5: =EOMONTH(D4,12) -> 46387 | F5: Share price (Public Co) | H5: =FSM!D7 -> 140.07
B6: Most recent quarter end date | D6: 46022 | F6: Share price date | H6: 46212
B7: Valuation date | D7: 46272 | F7: Implied Share Price | H7: =C39 -> 172.63271
B8: Portion of First Year Cash Flows | D8: =YEARFRAC(D7,D5) -> 0.31666667 | F8: Upside / (Downside) | H8: =H7/H5-1 -> 0.23247454 | I8: {=_xlfn.IFS(H8>15%,"BUY",H8>=0,"HOLD",H8<0,"SELL")} -> BUY
F9: Midyear adjustment? | H9: 1
B10: Dividends
C11: LTM | D11: Actual | E11: Forecasts
B12: Fiscal year ended | C12: =D7 -> 46272 | D12: =D4 -> 46022 | E12: =EOMONTH(D12,12) -> 46387 | F12: =EOMONTH(E12,12) -> 46752 | G12: =EOMONTH(F12,12) -> 47118 | H12: =EOMONTH(G12,12) -> 47483 | I12: =EOMONTH(H12,12) -> 47848
B14: Net income | D14: =FSM!I37 -> 82258815000 | E14: =FSM!J37 -> 7.3606873e+10 | F14: =FSM!K37 -> 7.7006682e+10 | G14: =FSM!L37 -> 7.9389945e+10 | H14: =FSM!M37 -> 8.3057768e+10 | I14: =FSM!N37 -> 8.734549e+10
B15: % growth | E15: =E14/D14-1 -> -0.10517952 | F15: =F14/E14-1 -> 0.046188745 | G15: =G14/F14-1 -> 0.030948779 | H15: =H14/G14-1 -> 0.046200106 | I15: =I14/H14-1 -> 0.051623365
B17: Dividend payout ratio | E17: =FSM!J223 -> 0.25 | F17: =FSM!K223 -> 0.3 | G17: =FSM!L223 -> 0.35 | H17: =FSM!M223 -> 0.4 | I17: =FSM!N223 -> 0.45
B19: Dividends paid | D19: =-FSM!I211 -> 14714434000 | E19: =E14*E17 -> 1.8401718e+10 | F19: =F14*F17 -> 2.3102005e+10 | G19: =G14*G17 -> 2.7786481e+10 | H19: =H14*H17 -> 3.3223107e+10 | I19: =I14*I17 -> 3.930547e+10
B21: ="Present Value of Dividends on "&TEXT(D7,"mmm dd, yyyy")&" valuation date" -> Present Value of Dividends on Sep 07, 2026 valuation date
D22: Val date | E22: Yr 1 - Stub | F22: Year 2 | G22: Year 3 | H22: Year 4 | I22: Year 5
B23: Date for discounting cash flows | D23: =D7 -> 46272 | E23: =IF($H$9=1,AVERAGE(E12,D23),E12) -> 46329.5 | F23: =IF($H$9=1,AVERAGE(F12,E12),F12) -> 46569.5 | G23: =IF($H$9=1,AVERAGE(G12,F12),G12) -> 46935 | H23: =IF($H$9=1,AVERAGE(H12,G12),H12) -> 47300.5 | I23: =IF($H$9=1,AVERAGE(I12,H12),I12) -> 47665.5
B24: Dividends stub adjusted | C24: =D8 -> 0.31666667 | E24: =E19*C24 -> 5.8272108e+09 | F24: =F19 -> 2.3102005e+10 | G24: =G19 -> 2.7786481e+10 | H24: =H19 -> 3.3223107e+10 | I24: =I19 -> 3.930547e+10
B25: Present value of dividends | E25: =E24/(1+$H$4)^((E23-$D$23)/365) -> 5.6995857e+09 | F25: =F24/(1+$H$4)^((F23-$D$23)/365) -> 2.0601075e+10 | G25: =G24/(1+$H$4)^((G23-$D$23)/365) -> 2.1524859e+10 | H25: =H24/(1+$H$4)^((H23-$D$23)/365) -> 2.2357003e+10 | I25: =I24/(1+$H$4)^((I23-$D$23)/365) -> 2.2981401e+10
B27: Terminal value - growth in perpetuity approach
B28: Long term growth rate | C28: 0.1
B29: Terminal year dividend x (1+g) | C29: =I24*(1+C28) -> 4.3236018e+10
B30: ="Terminal value in "&YEAR(I12) -> Terminal value in 2030 | C30: =C29/(H4-C28) -> 8.4889025e+11
B31: Present value of terminal value | C31: =C30/(1+$H$4)^((I23-$D$23)/365) -> 4.9633517e+11
B32: Present value of stage 1 dividends | C32: =SUM(E25:I25) -> 9.3163924e+10
B33: Equity value | C33: =SUM(C31:C32) -> 5.894991e+11
B35: Valuation | E35: Shares outstanding
B37: Equity value | C37: =C33 -> 5.894991e+11 | G37: Source doc | H37: Date | I37: Shares
B38: Shares outstanding | C38: =I43 -> 3414759000 | E38: Basic shares | G38: Consolidated FS 2025 | H38: 12/31/2025 | I38: 3377936000
B39: Equity value per share | C39: =C37/C38 -> 172.63271 | E39: Restricted stock / RSUs | I39: 36823000
E40: Options / warrants
E41: Convertible debt
E42: Convertible preferred stock
E43: Net diluted shares outstanding | I43: =SUM(I38:I42) -> 3414759000

Sheet Cost of equity (Ke​)
B2: Cost of equity (Ke​)
B3: =FSM!C3 -> All amounts are shown in EGP, except per-share data, ratios, and shares outstanding
B4: Cost of equity (Ke​) assumptions
B6: Risk free rate | C6: =23.06%*(1-H29) -> 0.178715
B7: Beta | C7: =IF(C21="Observed",(2/3)*C23+(1/3),C24) -> 0.70666667
B8: Market risk premium | C8: 0.1394
B10: Cost of equity (Ke​) | C10: =C6+C7*(C8-C6) -> 0.1509324
B12: Cost of equity (Ke​) sensitivity to MRP and Beta
D13: Beta
C14: =C10 -> 0.1509324 | D14: =E14-0.1 -> 0.60666667 | E14: 0.70666667 | F14: =E14+0.1 -> 0.80666667
C15: =C16-0.005 -> 0.045 | D15: 0.097594567 | E15: 0.084223067 | F15: 0.070851567
B16: Market | C16: =C17-0.005 -> 0.05 | D16: 0.1006279 | E16: 0.0877564 | F16: 0.0748849
B17: Risk | C17: 0.055 | D17: 0.10366123 | E17: 0.091289733 | F17: 0.078918233
B18: Premium | C18: =C17+0.005 -> 0.06 | D18: 0.10669457 | E18: 0.094823067 | F18: 0.082951567
C19: =C18+0.005 -> 0.065 | D19: 0.1097279 | E19: 0.0983564 | F19: 0.0869849
B21: Select Beta for model | C21: Observed
B23: Observed | C23: 0.56
B24: Industry beta | C24: =C36 -> 0.5525
B26: Industry beta
C28: Observed b | D28: Share price | E28: Dil. shares | F28: Market cap | G28: Net Debt | H28: Tax rate | I28: Delev. b
B29: Credit Agricole Egypt | C29: 0.45 | D29: 24.5 | E29: 1250000000 | F29: =E29*D29 -> 30625000000 | G29: 0 | H29: 0.225 | I29: =C29/(1+(1-H29)*(G29/F29)) -> 0.45
B30: QNB Egypt | C30: 0.38 | D30: 33.5 | E30: 2235178000 | F30: =E30*D30 -> 74878463000 | G30: 0 | H30: 0.225 | I30: =C30/(1+(1-H30)*(G30/F30)) -> 0.38
B31: Abu Dhabi Islamic Bank | C31: 0.73 | D31: 52.05 | E31: 1500000000 | F31: =E31*D31 -> 78075000000 | G31: 0 | H31: 0.225 | I31: =C31/(1+(1-H31)*(G31/F31)) -> 0.73
B32: Housing & Development Bank | C32: 0.65 | D32: 96.4 | E32: 531300000 | F32: =E32*D32 -> 51217320000 | G32: 0 | H32: 0.225 | I32: =C32/(1+(1-H32)*(G32/F32)) -> 0.65
B33: Commercial International Bank | C33: 0.56 | D33: 140.07 | E33: 3414759000 | F33: =E33*D33 -> 478305293130 | G33: 0 | H33: 0.225
B35: Industry average delevered beta | C35: =AVERAGE(I29:I32) -> 0.5525
B36: =FSM!Company_Name&" beta" -> Commercial International Bank - Egypt - CIB S.A.E beta | C36: =C35*(1+(1-H33)*(G33/F33)) -> 0.5525

Sheet Trading Comps
B2: Comparable Companies Analysis (Trading Comps)
B4: Refresh date: | C4: 46272
B6: GENERAL INFORMATION
B7: Ticker | C7: CIEB.CA | D7: QNBA.CA | E7: ADIB.CA | F7: HDBK.CA | G7: COMI.CA
B8: Company | C8: Credit Agricole Egypt S.A.E | D8: QNB Egypt S.A.E | E8: Abu Dhabi Islamic Bank - Egypt S.A.E | F8: Housing & Development Bank S.A.E | G8: Commercial International Bank - Egypt - CIB S.A.E
B9: Exchange / Currency | C9: EGX / EGP | D9: EGX / EGP | E9: EGX / EGP | F9: EGX / EGP | G9: EGX / EGP
B10: Fiscal year end | C10: 46022 | D10: 46022 | E10: 46022 | F10: 46022 | G10: 46022
B11: Last closing price | C11: 24.5 | D11: 33.5 | E11: 52.05 | F11: 96.4 | G11: 140.07
B12: Price as of | C12: =$C$4 -> 46272 | D12: =$C$4 -> 46272 | E12: =$C$4 -> 46272 | F12: =$C$4 -> 46272 | G12: =$C$4 -> 46272
B14: FULLY DILUTED SHARES
B15: Basic shares outstanding | C15: 1250000000 | D15: 2235178000 | E15: 1500000000 | F15: 531300000 | G15: 3377936000
B16: Options / RSUs / other dilution | C16: 0 | D16: 0 | E16: 0 | F16: 0 | G16: 36823000
B17: Fully diluted shares | C17: =SUM(C15:C16) -> 1250000000 | D17: =SUM(D15:D16) -> 2235178000 | E17: =SUM(E15:E16) -> 1500000000 | F17: =SUM(F15:F16) -> 531300000 | G17: =SUM(G15:G16) -> 3414759000
B19: BALANCE SHEET DATA (latest reported)
B20: Due to Banks | C20: 4200000000 | D20: 18200000000 | E20: 6100000000 | F20: 2800000000 | G20: =FSM!I78 -> 3353746000
B21: Other Loans / Subordinated Debt | C21: 0 | D21: 6300000000 | E21: 2300000000 | F21: 1300000000 | G21: =FSM!I85 -> 30471499000
B22: Issued Debt Instruments (Bonds) | C22: 0 | D22: 0 | E22: 0 | F22: 0 | G22: =FSM!I84 -> 4761558000
B23: Total Borrowings / Financial Debt | C23: =SUM(C20:C22) -> 4200000000 | D23: =SUM(D20:D22) -> 24500000000 | E23: =SUM(E20:E22) -> 8400000000 | F23: =SUM(F20:F22) -> 4100000000 | G23: =SUM(G20:G22) -> 38586803000
B24: Minority Interest (NCI) | C24: 17000 | D24: 432695000 | E24: 185000000 | F24: 28500000 | G24: =FSM!I95 -> 27876000
B25: Cash & Balances with Central Bank | C25: 8250000000 | D25: 71189334000 | E25: 18650000000 | F25: 14200000000 | G25: =FSM!I58 -> 88876452000
B26: Due from Banks | C26: 12150000000 | D26: 123439113000 | E26: 31450000000 | F26: 21500000000 | G26: =FSM!I59 -> 135236549000
B27: Treasury Bills & Sovereign Notes | C27: 15400000000 | D27: 131405754000 | E27: 32400000000 | F27: 32300000000 | G27: 144059016000
B28: Cash + Liquid Investments | C28: =SUM(C25:C27) -> 35800000000 | D28: =SUM(D25:D27) -> 326034201000 | E28: =SUM(E25:E27) -> 82500000000 | F28: =SUM(F25:F27) -> 68000000000 | G28: =SUM(G25:G27) -> 368172017000
B29: Total Customer Deposits | C29: 110200000000 | D29: 620000000000 | E29: 233402000000 | F29: 180000000000 | G29: =FSM!I79 -> 1110395693000
B30: Total Assets | C30: 128500000000 | D30: 742000000000 | E30: 332000000000 | F30: 230000000000 | G30: =FSM!I73 -> 1442494120000
B31: Total Shareholders' Equity | C31: 21450000000 | D31: 71200000000 | E31: 34500000000 | F31: 32800000000 | G31: =FSM!I94 -> 231486342000
B32: Tangible Book Value (TBV) | C32: 21450000000 | D32: 71200000000 | E32: 34500000000 | F32: 32800000000 | G32: =FSM!I94 -> 231486342000
B34: MARKET VALUATION
B35: Market capitalization | C35: =C17*C11 -> 30625000000 | D35: =D17*D11 -> 74878463000 | E35: =E17*E11 -> 78075000000 | F35: =F17*F11 -> 51217320000 | G35: =G17*G11 -> 478305293130
B37: LTM FINANCIALS
B38: Net Banking Income | C38: 11650000000 | D38: 34200000000 | E38: 21800000000 | F38: 26400000000 | G38: =FSM!I41 -> 119711453000
B39: Pre-Provision Operating Profit (PPOP) | C39: 8600000000 | D39: 25100000000 | E39: 16100000000 | F39: 21200000000 | G39: =FSM!I41+FSM!I25+FSM!I26 -> 102754351000
B40: Profit Before Tax | C40: 9450000000 | D40: 29400000000 | E40: 16800000000 | F40: 22100000000 | G40: =FSM!I32 -> 111582021000
B41: Net Income (Bank Shareholders) | C41: 6949000000 | D41: 21850000000 | E41: 12600000000 | F41: 17206000000 | G41: =FSM!I38 -> 82238852000
B42: Net Margin | C42: =C41/C38 -> 0.59648069 | D42: =D41/D38 -> 0.63888889 | E42: =E41/E38 -> 0.57798165 | F42: =F41/F38 -> 0.65174242 | G42: =G41/G38 -> 0.68697564
B44: TRADING MULTIPLES
B45: P/E (LTM) | C45: =C35/C41 -> 4.4071089 | D45: =D35/D41 -> 3.4269319 | E45: =E35/E41 -> 6.1964286 | F45: =F35/F41 -> 2.9767128 | G45: =G35/G41 -> 5.8160502
B46: P/B (LTM) | C46: =C35/C31 -> 1.4277389 | D46: =D35/D31 -> 1.0516638 | E46: =E35/E31 -> 2.2630435 | F46: =F35/F31 -> 1.5615037 | G46: =G35/G31 -> 2.0662355
B47: P/TBV (LTM) | C47: =C35/C32 -> 1.4277389 | D47: =D35/D32 -> 1.0516638 | E47: =E35/E32 -> 2.2630435 | F47: =F35/F32 -> 1.5615037 | G47: =G35/G32 -> 2.0662355
B48: ROE (LTM) | C48: =C41/C31 -> 0.3239627 | D48: =D41/D31 -> 0.30688202 | E48: =E41/E31 -> 0.36521739 | F48: =F41/F31 -> 0.52457317 | G48: =G41/G31 -> 0.35526438
B50: PEER STATISTICS
C51: P/E | D51: P/B | E51: P/TBV | F51: ROE
B52: Mean | C52: =AVERAGE(C45:F45) -> 4.2517956 | D52: =AVERAGE(C46:F46) -> 1.5759875 | E52: =AVERAGE(C47:F47) -> 1.5759875 | F52: =AVERAGE(C48:F48) -> 0.38015882
B53: Median | C53: =MEDIAN(C45:F45) -> 3.9170204 | D53: =MEDIAN(C46:F46) -> 1.4946213 | E53: =MEDIAN(C47:F47) -> 1.4946213 | F53: =MEDIAN(C48:F48) -> 0.34459005
B54: High | C54: =MAX(C45:F45) -> 6.1964286 | D54: =MAX(C46:F46) -> 2.2630435 | E54: =MAX(C47:F47) -> 2.2630435 | F54: =MAX(C48:F48) -> 0.52457317
B55: Low | C55: =MIN(C45:F45) -> 2.9767128 | D55: =MIN(C46:F46) -> 1.0516638 | E55: =MIN(C47:F47) -> 1.0516638 | F55: =MIN(C48:F48) -> 0.30688202
B57: IMPLIED VALUATION (from peer MEDIAN multiples)
B58: Via P/E:
B59: Peer median P/E | C59: =C53 -> 3.9170204
B60: x LTM net income | C60: =G41 -> 82238852000
B61: Implied equity value | C61: =C59*C60 -> 3.2213126e+11
B62: Fully diluted shares | C62: =$G$17 -> 3414759000
B63: Implied value per share | C63: =C61/C62 -> 94.334992
B65: Via P/B:
B66: Peer median P/B | C66: =D53 -> 1.4946213
B67: x LTM book value of equity | C67: =G31 -> 231486342000
B68: Implied equity value | C68: =C66*C67 -> 3.4598442e+11
B69: Fully diluted shares | C69: =$G$17 -> 3414759000
B70: Implied value per share | C70: =C68/C69 -> 101.3203
B72: Via (closest Egyptian peer):
B73: P/E | C73: =C45 -> 4.4071089
B74: x LTM net income | C74: =G41 -> 82238852000
B75: Implied equity value | C75: =C73*C74 -> 3.6243558e+11
B76: Fully diluted shares | C76: =$G$17 -> 3414759000
B77: Implied value per share | C77: =C75/C76 -> 106.13797
